 BcadrenCrawl: Boulder Brew version 0.05.4-52-gbd2e00ed8b (webtiles) character file.

Game seed: 9120400287821819963, levelgen mode: deterministic

180 namelastname112 the Skirmisher (level 5, 0/46 HPs) Immature Draconian Gladiator. Began on Apr 19, 2022. Slain by a water moccasin (4 damage) ... on level 2 of the Dungeon. The game lasted 00:01:49 (1192 turns).

namelastname112 the Skirmisher (DrGl)               Turns: 1192, Time: 00:01:50

Health: 0/46       AC:  6    Str: 16    XL:     5 ^: 122
Magic:  7/7        EV: 13    Int:  9    God:
Gold:   82         SH:  0    Dex: 13    Spells: 4/4 levels left

rFire    . . .     Vision   .   a - +0 long sword
rCold    . . .     Gourm    .   (no weapon)
rNeg     . . .     Faith    .   (armour unavailable)
rCorr    . . .     Spirit   .   b - +0 hat
rPois    .         Reflect  .   (no cloak)
rElec    .         Harm     .   (no gloves)
MR       .....                  (no boots)
Stlth    +.........             (no amulet)
HPRegen  0.25/turn              (no ring)
MPRegen  0.17/turn              (no ring)

@: lethally poisoned (0 -> -2), hasted, very quick
A: deformed body 2, cold-blooded, AC +6
a: Breathe Dart


You were on level 2 of the Dungeon.
You were not hungry.

You visited 1 branch of the dungeon, and saw 3 of its levels.

You collected 82 gold pieces.

Inventory:

Weapons
 a - a +0 long sword (weapon)
 f - a +2 short sword of venom
Armour
 b - a +0 hat (worn)
Jewellery
 i - a cursed ring of strength {(Curse: rC-)}
Wands
 c - a wand of ensnaring (8)
Potions
 e - a potion of mutation
 h - a potion of ambrosia
 j - a potion of cure mutation
Comestibles
 d - 8 rations
 k - a chunk of flesh


   Skills:
 + Level 3.6 Fighting
 * Level 3.6 Long Blades
 + Level 3.1 Dodging
 + Level 3.0 Evocations


You had 4 spell levels left.
You didn't know any spells.
Your spell library was empty.

Dungeon Overview and Level Annotations

Branches:
Dungeon (3/8)

Altars:


Innate Abilities, Weirdness & Mutations

Your plain brown scales are resilient. (AC +6)
You can breathe rudimentary magical darts.
You cannot wear any armour on your peculiar form.
You are cold-blooded and are slowed more easily by cold attacks.


Message History

You feel sick. (2)
The water moccasin barely misses you (0).
The crocodile bites you (3).
* * * LOW HITPOINT WARNING * * *
You feel sick. (1)
You feel sick. (1)
You feel sick. (1)
The water moccasin bites you but does no damage.
You see here a leopard gecko corpse.
You feel sick. (1)
You feel sick. (1)
You see here a bat skeleton.
You feel sick. (1)
The water moccasin bites you but does no damage.
You feel sick. (1)
You feel sick. (1)
There is a stone staircase leading down here.
You feel sick. (1)
The water moccasin bites you (4).
You die...

≈≈≈ ..P≈≈≈. ## #.P.≈≈.#
##.# #PP≈≈.≈#. ...#...##
####≈≈PP≈...
....≈≈≈≈###.≈#≈P≈≈P.#.
##@≈##.†≈≈≈≈≈P..≈
#..S#..≈#≈P≈≈≈... ≈≈≈..
##≈÷.t≈.÷.P≈≈≈.# ≈≈≈≈.##
###≈###÷.≈≈≈PP# ≈≈≈≈≈#≈##
###≈≈...≈≈≈≈# ≈≈≈≈....##
#.t.#.≈≈≈≈≈#
≈≈≈≈...≈.#####≈†.#.≈≈≈≈≈#
≈≈≈≈....≈##≈P#≈..#PP≈≈≈≈#
≈≈≈.....##..........P≈≈≈#


You could see a water moccasin and a crocodile.

Vanquished Creatures
  4 giant cockroaches
  8 sewer rats
  3 cinder newts (D:1)
  An ooze (D:1)
  2 leopard geckos
  A ball python (D:1)
  2 goblins (D:1)
  3 hobgoblins (D:1)
  3 bats
  5 kobolds (D:1)
  4 rats (D:1)
36 creatures vanquished.

Vanquished Creatures (others)
  6 withered plants (D:2)
6 creatures vanquished.

Grand Total: 42 creatures vanquished

Notes
Turn   | Place    | Note
-------+----------+-------------------------------------------
     0 | D:1      | namelastname112 the Immature Draconian Gladiator began the
                  | quest for the Orb.
     0 | D:1      | Reached XP level 1. HP: 18/18 MP: 2/2
    11 | D:1      | Reached XP level 2. HP: 24/25 MP: 3/3
    98 | D:1      | Reached XP level 3. HP: 29/30 MP: 4/4
   271 | D:1      | Reached XP level 4. HP: 33/38 MP: 5/5
  1010 | D:3      | Reached XP level 5. HP: 23/45 MP: 7/7
  1168 | D:2      | Noticed a water moccasin
  1192 | D:2      | Slain by a water moccasin

Levels and vault maps discovered:
D:1:      shiori_arrival_maze, layout_loops_ring, first_ration, minmay_holes
D:2:      layout_sewer, minmay_liquid_box
D:3:      layout_basic, serial_shops, shop

Skill      XL: |  1  2  3  4  5 |
---------------+----------------+-----
Fighting       | 3 |  3.6
Long Blades    | 3 |  3.6
Dodging        | 3 |  3.1
Evocations     | 3 |  3.0

Action                   |  1- 3 |  4- 6 || total
-------------------------+-------+-------++-------
Melee: Long sword        |    29 |    76 ||   105
       Unarmed           |    18 |    58 ||    76
       Peck              |     4 |     7 ||    11
Evoke: Wand              |       |     1 ||     1
  Use: Potion            |       |     1 ||     1
  Eat: Chunk             |       |     1 ||     1
Armor: Skin              |    11 |    54 ||    65
Dodge: Dodged            |    10 |    36 ||    46
       Rpst.: Long sword |     2 |    10 ||    12
